[Event "Mitropa Cup Open 2024"]
[Site "Apolda"]
[Date "2024.02.22"]
[Round "8.6"]
[White "Peyrer, Konstantin"]
[Black "Turcan, Richard"]
[Result "1/2-1/2"]
[ECO "D46"]
[WhiteElo "2439"]
[BlackElo "2393"]
[Annotator "RC"]
[PlyCount "130"]
[EventDate "2024.02.15"]
[EventType "team-tourn"]
[EventCountry "GER"]
[SourceTitle "playchess.com"]
[Source "ChessBase"]
[SourceQuality "1"]
[WhiteTeam "Austria"]
[BlackTeam "Slovakia"]
[WhiteTeamCountry "AUT"]
[BlackTeamCountry "SVK"]
[TimeControl "40/5400+30:1800+30"]

1. d4 d5 2. Nf3 Nf6 3. c4 c6 4. e3 e6 5. Nc3 Nbd7 6. Qc2 Bd6 7. Bd3 dxc4 8. Bxc4 b5 9. Be2 O-O 10. O-O Bb7 11. Bd2 a6 12. e4 e5 13. Rad1 Qc7 14. Kh1 exd4 15. Nxd4 b4 16. Nf5 bxc3 17. Bh6 Ne8 18. Nxd6 gxh6 19. Nf5 Ng7 20. Nxh6+ Kh8 21. Qxc3 Rad8 22. f4 c5 23. Bc4 Bxe4 24. Nxf7+ Rxf7 25. Bxf7 Qc6 26. Rf2 Rf8 27. Bc4 Nf6 28. Rfd2 Nf5 29. Bd5 Bxd5 30. Rxd5 Ne3 31. Qxe3 Nxd5 32. Qe5+ Nf6 33. Rd6 Qe4 34. h3 Qxe5 35. fxe5 Ne4 36. Rxa6 Re8 37. b4 cxb4 38. Rb6 Nf2+ 39. Kh2 Nd3 40. e6 Kg7 41. a3 bxa3 42. Ra6 a2 43. Rxa2 Rxe6 44. Ra3 Re3 45. Ra7+ Kg6 46. Ra3 h5 47. Ra6+ Kg5 48. Ra3 h4 49. Rc3 Rg3 50. Ra3 Kf5 51. Ra5+ Ne5 52. Ra4 Kg5 53. Ra5 Re3 54. Ra4 Re2 55. Kg1 Rc2 56. Re4 Rc5 57. Kf2 Rc2+ 58. Kf1 Nc4 59. Kg1 Nd2 60. Rd4 Ra2 61. Rb4 Ra3 62. Rd4 Nb1 63. Rd5+ Kg6 64. Rd4 Kg5 65. Rd5+ Kg6 1/2-1/2

[Event "Mitropa Cup Open 2024"]
[Site "Apolda"]
[Date "2024.02.22"]
[Round "8.7"]
[White "Bochnicka, Vladimir"]
[Black "Morgunov, Marc"]
[Result "1-0"]
[ECO "C45"]
[WhiteElo "2398"]
[BlackElo "2368"]
[Annotator "RC"]
[PlyCount "119"]
[EventDate "2024.02.15"]
[EventType "team-tourn"]
[EventCountry "GER"]
[SourceTitle "playchess.com"]
[Source "ChessBase"]
[SourceQuality "1"]
[WhiteTeam "Slovakia"]
[BlackTeam "Austria"]
[WhiteTeamCountry "SVK"]
[BlackTeamCountry "AUT"]
[TimeControl "40/5400+30:1800+30"]

1. e4 e5 2. Nf3 Nc6 3. d4 exd4 4. Nxd4 Nf6 5. Nxc6 bxc6 6. e5 Qe7 7. Qe2 Nd5 8. h4 a5 9. c4 Ba6 10. Nd2 f6 11. g3 Nb6 12. exf6 gxf6 13. b3 d5 14. Bb2 Kf7 15. O-O-O Qxe2 16. Bxe2 h5 17. g4 Re8 18. Bd3 Nd7 19. g5 Ne5 20. Bc2 Ng4 21. f3 Nf2 22. Rde1 Bc5 23. Rhf1 Rxe1+ 24. Rxe1 d4 25. b4 Bxb4 26. Re2 d3 27. Rxf2 dxc2 28. Ne4 Bxc4 29. Rxc2 Bd5 30. Nxf6 Rd8 31. Nxh5 Bd6 32. Rg2 Kg6 33. Nf6 Bf4+ 34. Kb1 Bxf3 35. Rf2 Rd3 36. Kc2 Bg3 37. Rf1 Re3 38. Bd4 Ra3 39. Bb2 Re3 40. Bd4 Ra3 41. Bc5 Bg2 42. h5+ Kxg5 43. Bxa3 Bxf1 44. Ne4+ Kf4 45. Nxg3 Kxg3 46. h6 Bh3 47. Kb3 Bf5 48. Ka4 Kf4 49. Kxa5 Bd3 50. Bb2 Kg5 51. Bg7 Kg6 52. Kb4 Kf7 53. Kc5 Be4 54. Be5 Ke6 55. Bxc7 Kd7 56. Kb6 c5 57. a4 c4 58. a5 c3 59. a6 c2 60. Bf4 1-0

[Event "Mitropa Cup Open 2024"]
[Site "Apolda"]
[Date "2024.02.22"]
[Round "8.9"]
[White "Plenca, Jadranko"]
[Black "Moroni, Luca Jr"]
[Result "1/2-1/2"]
[ECO "B30"]
[WhiteElo "2429"]
[BlackElo "2601"]
[Annotator "TA"]
[PlyCount "71"]
[EventDate "2024.02.15"]
[EventType "team-tourn"]
[EventCountry "GER"]
[SourceTitle "playchess.com"]
[Source "ChessBase"]
[SourceQuality "1"]
[WhiteTeam "Croatia"]
[BlackTeam "Italy"]
[WhiteTeamCountry "CRO"]
[BlackTeamCountry "ITA"]
[TimeControl "40/5400+30:1800+30"]

1. e4 c5 2. Nf3 Nc6 3. Bb5 Qc7 4. c3 a6 5. Ba4 Nf6 6. Bc2 d5 7. exd5 Nxd5 8. h3 {[%emt 0:06:13] Prevents Bg4. The position is equal.} g6 9. O-O Bg7 10. Bb3 Nb6 11. d4 cxd4 12. cxd4 O-O 13. Nc3 Rd8 14. Be3 (14. Re1 $5) 14... Na5 15. Rc1 Nbc4 16. Bg5 h6 (16... Nxb2 $2 17. Nd5 Qb8 18. Nxe7+ Kh8 19. Qc2 Nxb3 20. Qxb3 $18 (20. axb3 Be6 $18)) 17. Bh4 {[%emt 0:00:26] Strongly threatening Bxc4.} b5 (17... Nxb2 $2 18. Nd5 Qd6 19. Nxe7+ Kh8 20. Nxc8 Rdxc8 21. Qe2 Nxb3 22. axb3 $18) 18. Re1 g5 19. Bg3 Qa7 (19... Qd7 $1 $14) 20. Bxc4 $1 $16 Nxc4 21. b3 $36 {[%emt 0:01:41][%mdl 2048] White has strong initiative.} Nb6 {[%emt 0:01:47] [#]} 22. Qe2 (22. Ne5 $1 $18 {[%cal Re5c6] Threatens to win with Nc6.} Bd7 23. h4 gxh4 24. Bf4 (24. Bxh4 Be8 $16)) 22... Bb7 {[%emt 0:04:16] [#]} (22... Bf5 $1 $11 {remains equal.}) 23. Ne5 $1 {[%emt 0:01:24][%cal Oe5f7] Nxf7! would now be deadly.} Nd5 $2 (23... Rxd4 24. Nxf7 Kxf7 25. Qe6+ Kf8 26. Be5) (23... Nc8) 24. Qh5 Rf8 25. Nxd5 Bxd5 26. Ng4 Kh7 27. Rc7 Qxd4 28. Rexe7 (28. Rcxe7 $16 {Be5 is the strong threat.} Ra7 29. Nxh6 Bxh6 30. Rd1 Qxd1+ 31. Qxd1 Rxe7 32. Bd6 (32. Qxd5 Rfe8 $16)) 28... Qb6 $2 (28... Rac8 $1 $11) 29. Be5 $18 Qg6 {[%emt 0:01:14] Black is weak on the dark squares} 30. Qxg6+ Kxg6 31. Bxg7 Kxg7 32. Ne3 Rad8 33. Ra7 (33. Re5 $18 Ba8 34. Re6) 33... Kg6 34. Rxa6+ Be6 35. Rb7 {[%emt 0:01:53] White is more active.} Ra8 36. Rxa8 {[%emt 0:07:45] Weighted Error Value: White=0.23 (precise) /Black=0.38.  Loses game:     	---       	Black=1      Mistake:       	White=3     	Black=3      Inaccurate:     	White=2     	Black=3      OK:         	White=12    	Black=8      Best:        	White=2     	Black=3      Strong:       	White=2     	---} 1/2-1/2

[Event "Mitropa Cup Open 2024"]
[Site "Apolda"]
[Date "2024.02.22"]
[Round "8.10"]
[White "Brunello, Sabino"]
[Black "Ivekovic, Bozidar"]
[Result "1-0"]
[ECO "E11"]
[WhiteElo "2512"]
[BlackElo "2399"]
[Annotator "TA"]
[PlyCount "61"]
[EventDate "2024.02.15"]
[EventType "team-tourn"]
[EventCountry "GER"]
[SourceTitle "playchess.com"]
[Source "ChessBase"]
[SourceQuality "1"]
[WhiteTeam "Italy"]
[BlackTeam "Croatia"]
[WhiteTeamCountry "ITA"]
[BlackTeamCountry "CRO"]
[TimeControl "40/5400+30:1800+30"]

1. d4 Nf6 2. c4 e6 3. Nf3 Bb4+ 4. Nbd2 O-O 5. a3 Be7 6. e4 d6 7. Bd3 e5 8. b3 exd4 {[%emt 0:10:10] The position is equal.} 9. Nxd4 Ng4 10. Ra2 Bf6 11. Ne2 c6 ({Black should try} 11... Bh4 $11 12. g3 Bf6) 12. O-O $14 Qb6 {[%emt 0:07:27] White leaves nothing to chance now.} 13. h3 Ne5 ({Don't blunder} 13... Ne3 $2 14. fxe3 (14. c5 Nxd1 15. cxb6 Nc3 $14) 14... Nd7 (14... Qxe3+ $2 {too greedy.} 15. Kh1 $18) 15. Nf3 $18) 14. Bb1 Nbd7 15. Kh1 a5 16. f4 Ng6 {[%emt 0:00:05] [#]} 17. Ng3 $1 Nc5 18. Nh5 Be7 19. Qf3 f5 (19... Kh8 $16 20. Bb2 f6) 20. Bb2 $18 fxe4 21. Nxe4 $40 {[%emt 0:03:19][%mdl 128] White attacks with force.} Qxb3 22. Nxc5 Qxf3 23. Rxf3 dxc5 24. Bxg7 {[%emt 0:00:16] White is more active.} Rd8 25. Bc2 {[%emt 0:03:52] Against Rd1+. f5 is the strong threat.} Kf7 (25... Be6 $16 {was worth a try.}) 26. f5 Nh4 27. Rf2 Bd6 28. Ra1 Re8 29. Rd1 Bg3 30. Nxg3 Kxg7 31. Rf4 {[%emt 0:00:30] Weighted Error Value: White=0.06 (flawless) /Black=0.37.  Mistake:       	---       	Black=3      Inaccurate:     	White=2     	Black=3      OK:         	White=11    	Black=6      Best:        	White=4     	Black=3} 1-0

[Event "Mitropa Cup Open 2024"]
[Site "Apolda"]
[Date "2024.02.22"]
[Round "8.11"]
[White "Tomulic, Teo"]
[Black "David, Alberto"]
[Result "0-1"]
[ECO "B67"]
[WhiteElo "2386"]
[BlackElo "2525"]
[Annotator "TA"]
[PlyCount "74"]
[EventDate "2024.02.15"]
[EventType "team-tourn"]
[EventCountry "GER"]
[SourceTitle "playchess.com"]
[Source "ChessBase"]
[SourceQuality "1"]
[WhiteTeam "Croatia"]
[BlackTeam "Italy"]
[WhiteTeamCountry "CRO"]
[BlackTeamCountry "ITA"]
[TimeControl "40/5400+30:1800+30"]

1. e4 c5 2. Nf3 d6 3. d4 cxd4 4. Nxd4 Nf6 5. Nc3 Nc6 6. Bg5 e6 7. Qd2 a6 8. f3 Bd7 9. O-O-O Nxd4 10. Qxd4 Be7 11. Bxf6 gxf6 12. f4 Qc7 {[%emt 0:03:39] White has an edge.} 13. Bc4 b5 14. Bb3 Qc5 15. Qd3 b4 16. Nb1 Bb5 ({Black should try} 16... Rb8 $11) 17. Qh3 $14 h5 18. f5 e5 19. a3 (19. a4 $16 bxa3 20. Nxa3) 19... Bf8 $11 20. Rd5 Bh6+ 21. Kd1 Qf2 22. Qf3 {[%emt 0:00:20] Against Qe2+} Qxf3+ 23. gxf3 Rg8 24. axb4 (24. a4 Bc6 25. Rxd6 Rd8 26. Rxd8+ Kxd8 27. Bxf7 Rg7 (27... Rg2 28. b3 $15) 28. Bxh5 Bxa4 $19) 24... Rg2 $40 {[%emt 0:00:06][%mdl 128] Black has some attack.} 25. Nc3 {[%emt 0:00:04] Wards off Be2+} (25. Rxd6 Ke7 26. Rd5 Rag8 (26... Be2+ 27. Ke1 $15) 27. Rxb5 axb5 $19) 25... Ke7 26. Ke1 {[%emt 0:05:17] [#]} (26. Nxb5 axb5 27. Ke1 Ra1+ 28. Rd1 Rxd1+ 29. Kxd1 h4 $19) (26. h4 $1 $11) 26... h4 $1 $17 {[%emt 0:05:37] Strongly threatening ...h3. Black is much more active.} 27. Rd1 (27. Nxb5 $17 axb5 28. h3) 27... Rc8 $2 (27... h3 $19 28. f4 exf4 (28... Bxf4 $2 29. Nd5+ Kf8 30. Nxf4 $19)) 28. Nxb5 (28. h3 $1 $11) 28... axb5 $15 29. h3 {[%emt 0:00:31] White is weak on the dark squares} Rcg8 30. Rd5 R8g3 31. Rxb5 Rxf3 {[%emt 0:00:07] ...Rf4 would now be deadly.} 32. Rb7+ Kd8 {[%emt 0:00:08][%mdl 1024] Black has strong compensation.} 33. b5 $2 {[%emt 0:08:04][%mdl 8192] [#] Now White is beyond hope.} (33. Ba4 $17) 33... Re3+ $19 34. Kf1 Ree2 {[%emt 0:00:11] Black mates.} 35. b6 Rgf2+ 36. Kg1 Be3 37. Rb8+ Ke7 {[%emt 0:00:07] Weighted Error Value: White=0.60/Black=0.13 (very precise) .  Loses game:     	White=1     	---        Missed win:     	---       	Black=1      Mistake:       	White=4     	Black=1      Inaccurate:     	White=2     	---        OK:         	White=8     	Black=12     Best:        	White=3     	Black=2      Strong:       	---       	Black=1} 0-1

[Event "Mitropa Cup Open 2024"]
[Site "Apolda"]
[Date "2024.02.22"]
[Round "8.12"]
[White "Perossa, Nicolas"]
[Black "Novosel, Lovro"]
[Result "0-1"]
[ECO "B30"]
[WhiteElo "2277"]
[BlackElo "2373"]
[Annotator "RC"]
[PlyCount "174"]
[EventDate "2024.02.15"]
[EventType "team-tourn"]
[EventCountry "GER"]
[SourceTitle "playchess.com"]
[Source "ChessBase"]
[SourceQuality "1"]
[WhiteTeam "Italy"]
[BlackTeam "Croatia"]
[WhiteTeamCountry "ITA"]
[BlackTeamCountry "CRO"]
[TimeControl "40/5400+30:1800+30"]

1. e4 c5 2. Nf3 e6 3. g3 Nc6 4. Bg2 Nf6 5. d3 d6 6. O-O Be7 7. Re1 O-O 8. c3 d5 9. e5 Nd7 10. h4 a6 11. Bf4 b5 12. Nbd2 c4 13. d4 b4 14. h5 Qa5 15. Re3 bxc3 16. bxc3 Rb8 17. Nh2 Na7 18. Qg4 Kh8 19. h6 g6 20. Bg5 Bxg5 21. Qxg5 Rb2 22. Rf3 Nb5 23. Nb1 f6 24. exf6 Rxa2 25. Rxa2 Qxa2 26. Qc1 Rxf6 27. Bf1 Kg8 28. Qg5 Kf7 29. Nd2 Qa3 30. Ng4 Rxf3 31. Nxf3 Qe7 32. Nfe5+ Nxe5 33. Qxe5 Qf8 34. Qb8 Nd6 35. Ne5+ Kg8 36. Qc7 a5 37. Qxa5 Qxh6 38. Qc7 Qf8 39. Nc6 Kh8 40. Ne7 Ne8 41. Qe5+ Ng7 42. Qc7 Ba6 43. Qd6 Qe8 44. Nxd5 exd5 45. Qxa6 Nf5 46. g4 Ne7 47. Qe6 Kg7 48. Qe5+ Kg8 49. Bg2 Qf7 50. f4 Kf8 51. Bh1 Ke8 52. Qb8+ Kd7 53. Bf3 Qe6 54. Kf2 h6 55. Bd1 Qe4 56. Ba4+ Ke6 57. Qc7 Kf7 58. Qd6 g5 59. f5 h5 60. f6 Ng8 61. gxh5 Nxf6 62. Qc7+ Kf8 63. Qd8+ Kg7 64. Bd1 Qf4+ 65. Ke1 g4 66. Qe7+ Kh6 67. Qe5 Qg5 68. Kf1 Kxh5 69. Qh2+ Qh4 70. Qe5+ Kh6 71. Qf4+ Qg5 72. Qh2+ Qh5 73. Qf4+ Kg7 74. Qc7+ Qf7 75. Qe5 Kf8 76. Qd6+ Qe7 77. Qf4 Qf7 78. Qd6+ Kg8 79. Qb8+ Qf8 80. Qb2 Ne4+ 81. Ke1 Qf4 82. Qa2 Qe3+ 83. Kf1 Qd3+ 84. Kg2 Qxd1 85. Qa8+ Kg7 86. Qb7+ Kg6 87. Qc6+ Nf6 0-1

[Event "Mitropa Cup Open 2024"]
[Site "Apolda"]
[Date "2024.02.22"]
[Round "8.13"]
[White "Girel, Joseph"]
[Black "Vykouk, Jan"]
[Result "1/2-1/2"]
[ECO "E01"]
[WhiteElo "2492"]
[BlackElo "2493"]
[Annotator "TA"]
[PlyCount "65"]
[EventDate "2024.02.15"]
[EventType "team-tourn"]
[EventCountry "GER"]
[SourceTitle "playchess.com"]
[Source "ChessBase"]
[SourceQuality "1"]
[WhiteTeam "France"]
[BlackTeam "Czech Republic"]
[WhiteTeamCountry "FRA"]
[BlackTeamCountry "CZE"]
[TimeControl "40/5400+30:1800+30"]

1. d4 Nf6 2. c4 e6 3. g3 d5 4. Bg2 Bb4+ 5. Nd2 O-O 6. Ngf3 Nbd7 7. O-O b6 8. b3 Bb7 9. Bb2 Be7 10. Rc1 c5 11. cxd5 Bxd5 12. Nc4 {[%emt 0:02:01] The position is equal.} Rc8 13. Qd3 Qc7 14. Nfe5 Bxg2 15. Kxg2 Qb7+ 16. Qf3 Qxf3+ 17. Kxf3 b5 18. Nxd7 Nxd7 19. Na5 Bf6 20. Rfd1 cxd4 21. Rxc8 Rxc8 22. Bxd4 Bxd4 23. Rxd4 $11 {[%emt 0:00:13][%mdl 4096] Endgame. KRN-KRN} Rc7 24. Ke3 Kf8 25. Rd6 Ke7 26. Rc6 Rxc6 27. Nxc6+ {[%emt 0:00:11] KN-KN} Kd6 28. Nxa7 {[%emt 0:03:38][%cal Ob3b4] [#] Black must now prevent b4!} Kc5 29. a3 Kb6 30. Nc8+ Kc7 31. Na7 Kb6 32. Nc8+ Kc7 33. Ke4 $2 {[%emt 0:16:41][%mdl 40960] Weighted Error Value: White=0.03 (flawless) /Black=0.03 (flawless) .  Loses game:     	White=1     	---        OK:         	White=13    	Black=13     Best:        	---       	Black=3     . An unexpected result.} 1/2-1/2

[Event "Mitropa Cup Open 2024"]
[Site "Apolda"]
[Date "2024.02.22"]
[Round "8.14"]
[White "Kraus, Tomas"]
[Black "Makkar, Rajat"]
[Result "1-0"]
[ECO "C50"]
[WhiteElo "2484"]
[BlackElo "2453"]
[Annotator "TA"]
[PlyCount "77"]
[EventDate "2024.02.15"]
[EventType "team-tourn"]
[EventCountry "GER"]
[SourceTitle "playchess.com"]
[Source "ChessBase"]
[SourceQuality "1"]
[WhiteTeam "Czech Republic"]
[BlackTeam "France"]
[WhiteTeamCountry "CZE"]
[BlackTeamCountry "FRA"]
[TimeControl "40/5400+30:1800+30"]

1. e4 e5 2. Nf3 Nc6 3. Bc4 Bc5 4. d3 Nf6 5. Bg5 h6 6. Bh4 Be7 7. Bg3 d6 8. a4 a6 {[%emt 0:00:48] The position is equal.} 9. O-O O-O 10. a5 Kh8 11. Nc3 Bg4 {[%emt 0:03:58] Strongly threatening ...Nd4.} 12. h3 Bh5 13. Bh2 $1 Qd7 {[%emt 0:02:28] White must now prevent ...Nd4.} 14. Nd5 Nxd5 15. Bxd5 Bxf3 16. Qxf3 Nd4 17. Qd1 c6 18. Ba2 f5 (18... Ne6 $11) 19. c3 $16 Ne6 20. exf5 Rxf5 21. Qg4 Raf8 22. Rae1 {[%emt 0:00:47] d4 is the strong threat. White is more active.} h5 23. Qe2 $36 {[%emt 0:06:12][%cal Od3d4][%mdl 2048] White is pushing.} Bh4 24. g3 Bd8 25. f4 {[%emt 0:03:42][%cal Od3d4] next d4! is good for White.} (25. d4 $5) 25... Bxa5 (25... d5 $1 $11) 26. d4 $1 h4 {[%emt 0:05:11] [#]} 27. Bb1 $1 $18 Nxd4 {[%emt 0:04:02] [#]} 28. cxd4 ({Better is} 28. Qg4 $1 $18 {b4 would now be deadly.} Qf7 29. cxd4 (29. Qxh4+ Rh5 $18) (29. gxh4 Rf6 $16) 29... Bxe1 (29... hxg3 $2 30. Bxf5 Qxf5 31. Qxf5 $18) 30. Bxf5 (30. Rxe1 hxg3 31. Bxg3 exf4 $18) (30. Qxf5 Qxf5 31. Bxf5 hxg3 $15) 30... Qxf5 31. Qxh4+ (31. Rxe1 hxg3 32. Bxg3 exf4 $18) 31... Kg8 32. Rxe1) 28... Bxe1 {[%emt 0:01:24] A mistake that costs the game.} (28... hxg3 $16 29. Bxf5 (29. Bxg3 Bxe1 30. Bxe1 exf4 $18) 29... Rxf5 30. Bxg3 Bxe1 31. Rxe1 (31. Bxe1 exd4 32. Bd2 Kg8 $11) 31... exd4) 29. Bxf5 ({Not} 29. Qxe1 hxg3 30. Bxg3 (30. Bxf5 $2 gxh2+ 31. Kxh2 Qxf5 $19) 30... exd4 $16) 29... Qxf5 30. g4 ({Weaker is} 30. Qxe1 hxg3 31. Bxg3 (31. Qxg3 exd4 32. Qg4 c5 $11) 31... exd4 $11) 30... Qf7 31. Qxe1 exd4 32. Qxh4+ Kg8 33. f5 d3 34. Bxd6 Re8 35. g5 {[%emt 0:00:45] White wants to mate with g6.} Qd5 {[%emt 0:03:17] [#]} 36. f6 $1 gxf6 {[%emt 0:04:36] [#]} (36... Qf7 37. fxg7) 37. gxf6 $1 {[%emt 0:01:03] Intending Qg4+ and mate.} d2 (37... Kf7 38. Qh7+) 38. Qg4+ Kf7 39. Qd7+ {[%emt 0:00:06] Weighted Error Value: White=0.11 (very precise) /Black=0.64.  Loses game:     	---       	Black=1      Mistake:       	White=1     	Black=3      Inaccurate:     	White=4     	Black=5      OK:         	White=11    	Black=10     Best:        	White=3     	Black=2      Strong:       	White=2     	---} 1-0

[Event "Mitropa Cup Open 2024"]
[Site "Apolda"]
[Date "2024.02.22"]
[Round "8.15"]
[White "Velten, Paul"]
[Black "Gnojek, Petr"]
[Result "1/2-1/2"]
[ECO "A80"]
[WhiteElo "2470"]
[BlackElo "2428"]
[Annotator "TA"]
[PlyCount "61"]
[EventDate "2024.02.15"]
[EventType "team-tourn"]
[EventCountry "GER"]
[SourceTitle "playchess.com"]
[Source "ChessBase"]
[SourceQuality "1"]
[WhiteTeam "France"]
[BlackTeam "Czech Republic"]
[WhiteTeamCountry "FRA"]
[BlackTeamCountry "CZE"]
[TimeControl "40/5400+30:1800+30"]

1. d4 f5 2. Nc3 Nf6 3. Bg5 d5 4. e3 e6 5. g4 fxg4 6. h3 g3 7. f4 Nc6 (7... c5 $11) 8. Qf3 {[%emt 0:02:21][%cal Oe1c1] White is slightly better.} Bd7 $1 9. a3 Qe7 10. Qxg3 h6 11. Bh4 O-O-O 12. Nf3 Qf7 13. O-O-O Be7 14. Bd3 Nh5 15. Qg6 Qxg6 16. Bxg6 Bxh4 17. Nxh4 Be8 18. Rhg1 Bxg6 19. Rxg6 Kd7 (19... Rde8 $14 {might be stronger.}) 20. Nf3 $16 Rhf8 {[%emt 0:02:48] [#]} 21. Rdg1 {[%emt 0:01:28] White is more active.} (21. Ne5+ $1 $16 Ke7 22. Nxc6+ bxc6 23. Na4) 21... a6 22. Ne2 Ne7 23. Ne5+ Kd6 24. R6g2 Nf5 25. Kd2 c5 ({Better is} 25... c6 $14) 26. dxc5+ Kxc5 27. c3 Kd6 28. Ng6 {[%emt 0:00:58] Dodges g5} Rf7 {[%emt 0:00:42] [#]} 29. Nd4 (29. Kd3 $1 $16) 29... Nxd4 $1 $11 30. cxd4 Rc8 31. Rc1 {[%emt 0:07:26] Weighted Error Value: White=0.10 (very precise) /Black=0.13 (very precise) .  Mistake:       	White=2     	Black=3      Inaccurate:     	---       	Black=3      OK:         	White=12    	Black=7      Best:        	White=1     	Black=2      Strong:       	---       	Black=2} 1/2-1/2

[Event "Mitropa Cup Open 2024"]
[Site "Apolda"]
[Date "2024.02.22"]
[Round "8.16"]
[White "Nemec, Jachym"]
[Black "Decuigniere, Tom"]
[Result "1/2-1/2"]
[ECO "D35"]
[WhiteElo "2393"]
[BlackElo "2401"]
[Annotator "TA"]
[PlyCount "60"]
[EventDate "2024.02.15"]
[EventType "team-tourn"]
[EventCountry "GER"]
[SourceTitle "playchess.com"]
[Source "ChessBase"]
[SourceQuality "1"]
[WhiteTeam "Czech Republic"]
[BlackTeam "France"]
[WhiteTeamCountry "CZE"]
[BlackTeamCountry "FRA"]
[TimeControl "40/5400+30:1800+30"]

1. d4 d5 2. c4 e6 3. Nc3 Nf6 4. cxd5 exd5 5. Bg5 Bb4 6. e3 h6 7. Bxf6 Qxf6 {[%emt 0:00:12] The position is equal.} 8. Qb3 Qd6 9. a3 Bxc3+ 10. Qxc3 Bf5 11. Ne2 Nd7 12. Nf4 O-O 13. Bd3 Bxd3 14. Nxd3 a5 15. a4 Rfe8 16. O-O c6 17. Rab1 Nf6 18. b4 Ne4 19. Qc2 axb4 20. Rxb4 Ra7 21. Rfb1 Qc7 22. Nc5 Nxc5 23. Qxc5 Rea8 24. g3 g6 25. Kg2 Kg7 26. R1b2 h5 27. h4 Kg8 28. Rb1 Kg7 29. R1b2 Kg8 30. Rb1 Kg7 {[%emt 1:02:29] A rather calm draw.   Weighted Error Value: White=0.05 (flawless) /Black=0.02 (flawless) .  OK:         	White=6     	Black=14} 1/2-1/2

[Event "Mitropa Cup Open 2024"]
[Site "Apolda"]
[Date "2024.02.22"]
[Round "8.17"]
[White "Svane, Rasmus"]
[Black "Subelj, Jan"]
[Result "1/2-1/2"]
[ECO "D02"]
[WhiteElo "2637"]
[BlackElo "2512"]
[Annotator "TA"]
[PlyCount "61"]
[EventDate "2024.02.15"]
[EventType "team-tourn"]
[EventCountry "GER"]
[SourceTitle "playchess.com"]
[Source "ChessBase"]
[SourceQuality "1"]
[WhiteTeam "Germany"]
[BlackTeam "Slovenia"]
[WhiteTeamCountry "GER"]
[BlackTeamCountry "SLO"]
[TimeControl "40/5400+30:1800+30"]

1. d4 d5 2. Nf3 Nf6 3. Bf4 c5 4. e3 Nc6 5. Nbd2 Bg4 6. c3 e6 7. Qb3 Qc8 8. h3 Bh5 9. Be2 Be7 10. dxc5 Bxc5 11. g4 Bg6 12. Nh4 Ne4 13. Nxe4 Bxe4 14. f3 Bg6 15. O-O-O Bb6 16. Nxg6 (16. e4 {keeps more tension.} O-O 17. exd5 Nd4 18. Rxd4 Bxd4 19. Rd1) 16... hxg6 17. Kb1 Bc7 18. c4 {[%emt 0:15:13] White is more active.} dxc4 19. Qxc4 ({Don't play} 19. Bxc4 Bxf4 20. exf4 O-O $11) 19... Bxf4 20. exf4 Qc7 21. Qe4 Rd8 22. Bb5 O-O 23. h4 Rxd1+ 24. Rxd1 Rd8 25. Rc1 Rd5 26. Qa4 Rd6 27. a3 {[%emt 0:01:10] The position is equal.} Qb6 28. Bxc6 bxc6 29. Ka2 Rd2 30. Rc2 Rxc2 31. Qxc2 {[%emt 0:00:12] Weighted Error Value: White=0.08 (flawless) /Black=0.06 (flawless) .  Inaccurate:     	White=2     	Black=2      OK:         	White=8     	Black=11     Best:        	White=3     	---} 1/2-1/2

[Event "Mitropa Cup Open 2024"]
[Site "Apolda"]
[Date "2024.02.22"]
[Round "8.18"]
[White "Goroshkov, Maksym"]
[Black "Donchenko, Alexander"]
[Result "0-1"]
[ECO "B14"]
[WhiteElo "2338"]
[BlackElo "2643"]
[Annotator "RC"]
[PlyCount "132"]
[EventDate "2024.02.15"]
[EventType "team-tourn"]
[EventCountry "GER"]
[SourceTitle "playchess.com"]
[Source "ChessBase"]
[SourceQuality "1"]
[WhiteTeam "Slovenia"]
[BlackTeam "Germany"]
[WhiteTeamCountry "SLO"]
[BlackTeamCountry "GER"]
[TimeControl "40/5400+30:1800+30"]

1. e4 c6 2. d4 d5 3. exd5 cxd5 4. c4 Nf6 5. Nc3 g6 6. cxd5 Bg7 7. Bb5+ Nbd7 8. d6 e6 9. d5 e5 10. Nf3 O-O 11. O-O e4 12. Ng5 Nc5 13. b4 Na6 14. Rb1 Bf5 15. Re1 e3 16. Bxe3 Bxb1 17. Ne6 Qxd6 18. Bc5 Nxc5 19. bxc5 Qb8 20. Nxg7 Kxg7 21. Qxb1 Qc7 22. c6 Rad8 23. Qa1 Kg8 24. cxb7 Qxb7 25. Bc6 Qb4 26. Qc1 Qc5 27. h3 Rb8 28. Qe3 Qxe3 29. Rxe3 Rb2 30. Rd3 Rd8 31. Ba4 Nd7 32. Re3 Kf8 33. Bc6 a6 34. g4 h6 35. Kg2 Nb6 36. Rf3 Nc4 37. Ba4 Kg7 38. Nd1 Rd2 39. Nc3 Ne5 40. Re3 Nd3 41. Ne4 Nf4+ 42. Kf3 Rd4 43. Kxf4 Rxa4 44. Kf3 Rxa2 45. Rd3 Ra5 46. d6 Rb5 47. h4 f5 48. gxf5 gxf5 49. Nd2 Kf6 50. Nc4 Rb4 51. Ne3 Ke6 52. Nd5 Ra4 53. Nf4+ Kf6 54. d7 Ke7 55. Ng6+ Kf7 56. Rd6 Re4 57. Rxa6 Re6 58. Rxe6 Kxe6 59. Kf4 Ra8 60. Ne5 Ra4+ 61. Kg3 Rd4 62. f4 Rxd7 63. Nxd7 Kxd7 64. Kf3 Kd6 65. Ke3 Kd5 66. Kd3 h5 0-1